 Dungeon Crawl Stone Soup version 0.29-a0-617-g7a6b98fccd (webtiles) character file.

Game seed: 12907516477539650482

99 Kaemin the Skirmisher (level 4, 0/42 HPs)
             Began as a Hill Orc Berserker on June 17, 2022.
             Was a Believer of Trog.
             Slain by Natasha (1 damage)
             ... on level 3 of the Dungeon.
             The game lasted 00:12:10 (2091 turns).

Kaemin the Skirmisher (Hill Orc Berserker)          Turns: 2091, Time: 00:12:11

Health: 0/42       AC:  3    Str: 20 (21) XL:     4   Next: 72%
Magic:  0/5        EV: 12    Int: 10 (13) God:    Trog [**....]
Gold:   71         SH:  0    Dex:  9 (10) Spells: 3/3 levels left

rFire   . . .      SeeInvis .   i - +0 falchion
rCold   . . .      Faith    .   (no shield)
rNeg    . . .      Spirit   +   e - +0 leather armour
rPois   .          Reflect  .   (no helmet)
rElec   .          Harm     .   (no cloak)
rCorr   .          Rampage  .   (no gloves)
Will    .....                   (no boots)
Stlth   +.........              l - amulet of guardian spirit
HPRegen 0.14/turn               f - +6 ring of intelligence
MPRegen 0.09/turn               (no ring)

@: flying, slowed, very slow
A: no striking features
a: Renounce Religion, Berserk, Trog's Hand


You were on level 3 of the Dungeon.
You worshipped Trog.
Trog was pleased with you.
You visited 1 branch of the dungeon, and saw 3 of its levels.

You collected 71 gold pieces.

Inventory:

Hand Weapons
 a - a +0 falchion
 g - a +0 flail
 h - a +0 quarterstaff
 i - a +0 falchion (weapon)
Armour
 b - a +0 animal skin
 c - a +0 robe
 e - a +0 leather armour (worn)
Jewellery
 f - a +6 ring of intelligence (left hand)
 l - an amulet of guardian spirit (around neck)
Scrolls
 j - a scroll of vulnerability {unknown}
 k - a scroll of silence {unknown}
 o - a scroll of amnesia {unknown}
 p - a scroll of blinking {unknown}


   Skills:
 + Level 5.0 Fighting
 + Level 1.9(3.4) Short Blades
 + Level 4.9(5.2) Long Blades
 + Level 2.6(3.7) Axes
 + Level 2.1(3.1) Maces & Flails
 + Level 2.1(3.1) Polearms
 + Level 2.1(2.7) Staves
 + Level 2.5(2.8) Slings
 + Level 1.7 Bows
 + Level 1.9 Crossbows
 + Level 1.7(2.4) Throwing
 + Level 3.4 Armour
 + Level 3.0 Dodging
 + Level 2.1 Stealth
 + Level 2.2 Shields
 + Level 2.1 Unarmed Combat
 + Level 2.6 Invocations
 + Level 1.9 Evocations


You had 3 spell levels left.
You didn't know any spells.
Your spell library contained the following spells:

 Spells                   Type           Power      Damage    Failure   Level
 Apportation              Tloc           0%         N/A       41%         1
 Foxfire                  Conj/Fire      0%         2x1d4     41%         1
 Necrotize                Necr           0%         1d4       41%         1
 Summon Small Mammal      Summ           0%         N/A       41%         1
 Call Canine Familiar     Summ           0%         N/A       78%         3
 Conjure Flame            Conj/Fire      0%         6-21      78%         3
 Inner Flame              Hex/Fire       0%         N/A       78%         3
 Summon Guardian Golem    Hex/Summ       0%         N/A       78%         3
 Flame Wave               Conj/Fire      0%         2d4       99%         4


Dungeon Overview and Level Annotations

Branches:
Dungeon (3/15)

Altars:

Annotations:
D:3 Natasha


Message History

* * * LOW HITPOINT WARNING * * *
Natasha misses you.
Really walk into that cloud of poison gas? [Y]es or [N]o only, please.
Really walk into that cloud of poison gas? [Y]es or [N]o only, please.
Really walk into that cloud of poison gas?
Okay, then.
You closely miss Natasha. Natasha claws you!
* * * LOW HITPOINT WARNING * * *
The iron imp barely misses you.
It was a potion of experience.
You feel more experienced!
Your Fighting skill increases to level 5!
Your base Short Blades skill increases to level 1!
Your base Axes skill gained 2 levels and is now at level 2!
Your base Maces & Flails skill gained 2 levels and is now at level 2!
Your base Polearms skill gained 2 levels and is now at level 2!
Your Staves skill gained 2 levels and is now at level 2!
Your Slings skill gained 2 levels and is now at level 2!
Your Bows skill increases to level 1!
Your Crossbows skill increases to level 1!
Your base Throwing skill increases to level 1!
Your Armour skill increases to level 3!
Your Dodging skill gained 2 levels and is now at level 3!
Your Stealth skill gained 2 levels and is now at level 2!
Your Shields skill gained 2 levels and is now at level 2!
Your Unarmed Combat skill gained 2 levels and is now at level 2!
Your Invocations skill gained 2 levels and is now at level 2!
Your Evocations skill increases to level 1!
You have reached level 4!
Natasha stares at you and mumbles some strange words.
You feel yourself slow down. The iron imp hits you.
* * * LOW HITPOINT WARNING * * *
It was a potion of flight.
You feel very buoyant.
You fly up into the air.
Natasha casts a spell.
The iron imp barely misses you. Natasha claws you.
You die...

........###
........'.# #§§§#
.....)..#.# #§§§#
....#####.# #§§§####§
..#'#####.#.#
#§§§§§§§§
##........#.#
##§§§§§§§§
##........#.#
#§5§§§§§§§
##).......#.#
#§h§§§§§§§
##.†......#.#
#§@5§§§§§§
###.......#.#
#§#######§ #
#.......#'###§#######
#..†........§§.......
#..........§§§.......
#.........§§§§.......
#........§§§§§.......
#........§§§§§§.......
#.............########


You could see an iron imp (summoned), Natasha and a shadow imp (summoned).

Vanquished Creatures
  An adder (D:2)
  A dart slug (D:3)
  3 ball pythons (D:1)
  2 bats
  4 goblins
  7 hobgoblins
  2 jackals (D:1)
  2 quokkas
  2 frilled lizards (D:1)
  3 kobolds
  6 rats
  A bush (D:1)
34 creatures vanquished.

Notes
Turn   | Place    | Note
-------+----------+-------------------------------------------
     0 | D:1      | Kaemin the Hill Orc Berserker began the quest for the Orb.
     0 | D:1      | Reached XP level 1. HP: 19/19 MP: 1/1
   130 | D:1      | Reached XP level 2. HP: 22/27 MP: 2/2
   731 | D:1      | Reached skill level 4 in Fighting
  1315 | D:2      | Reached XP level 3. HP: 33/33 MP: 3/3
  1928 | D:3      | Reached ** piety under Trog
  2083 | D:3      | Noticed Natasha
  2090 | D:3      | Reached skill level 5 in Fighting
  2090 | D:3      | Reached skill level 1 in Short Blades
  2090 | D:3      | Reached skill level 1 in Bows
  2090 | D:3      | Reached skill level 1 in Crossbows
  2090 | D:3      | Reached skill level 1 in Throwing
  2090 | D:3      | Reached skill level 1 in Evocations
  2090 | D:3      | Reached XP level 4. HP: 2/42 MP: 1/5
  2090 | D:3      | HP: 1/42 [iron imp[Natasha] (1)]
  2091 | D:3      | Slain by Natasha

Illustrated notes

Levels and vault maps discovered:
D:1:      lemuel_arrival_behind_the_door_large, layout_loops_ring,
          minmay_hedge_maze, serial_park_tiny_1, minmay_distorted
D:2:      layout_basic
D:3:      layout_basic, uniq_natasha

Skill      XL: |  1  2  3 |
---------------+----------+-----
Fighting       | 4 5 |  5.0
Long Blades    | 4 |  4.9
Short Blades   | 1 |  1.9
Axes           | 2 |  2.6
Maces & Flails | 2 |  2.1
Polearms       | 2 |  2.1
Staves         | 2 |  2.1
Slings         | 2 |  2.5
Bows           | 1 |  1.7
Crossbows      | 1 |  1.9
Throwing       | 1 |  1.7
Armour         | 3 |  3.4
Dodging        | 3 |  3.0
Stealth        | 2 |  2.1
Shields        | 2 |  2.2
Unarmed Combat | 2 |  2.1
Invocations    | 2 |  2.6
Evocations     | 1 |  1.9

Action                   |  1- 3 |  4- 6 || total
-------------------------+-------+-------++-------
Melee: Falchion          |   249 |       ||   249
       Punch             |     7 |       ||     7
  Use: Potion            |     4 |     1 ||     5
       Scroll            |     1 |       ||     1
Armor: Animal skin       |     5 |       ||     5
       Leather armour    |    10 |       ||    10
Dodge: Dodged            |    54 |     1 ||    55

Table legend: (Time is in decaauts)
 A = Elapsed time spent in this place.
 B = Non-inter-level travel time spent in this place.
 C = Inter-level travel time spent in this place.
 D = Time resting spent in this place.
 E = Time spent auto-exploring this place.
 F = Levels seen in this place.
 G = Mean time per level.
                   A        B        C        D        E       F      G
               +--------+--------+--------+--------+--------+-----+--------+
         Total |   2118 |   1574 |    544 |      2 |    948 |   3 |  706.0 |
       Dungeon |   2118 |   1574 |    544 |      2 |    948 |   3 |  706.0 |
               +--------+--------+--------+--------+--------+-----+--------+

Top non-repeatable levels by time:
     D:1: 1246 daAuts
     D:2: 699 daAuts
     D:3: 172 daAuts
